 Dungeon Crawl Stone Soup version 0.19-a0-599-g723c685 (webtiles) character file.

16018 TheGoonsmith the Frost Mage (level 12, -15/82 HPs)
             Began as a High Elf Ice Elementalist on June 11, 2016.
             Was an Elder of Vehumet.
             Demolished by a minotaur
             ... wielding a cursed staff of earth
              (23 damage)
             ... in a labyrinth.
             The game lasted 00:41:04 (16009 turns).

TheGoonsmith the Frost Mage (HEIE)                 Turns: 16009, Time: 00:41:04

Health: -15/82     AC: 15    Str:  7    XL:     12   Next: 6%
Magic:  10/23      EV: 18    Int: 21    God:    Vehumet [****..]
Gold:   710        SH:  2    Dex: 20    Spells: 6 memorised, 6 levels left

rFire  . . .     SeeInvis .     X - +0 dagger (vamp)
rCold  + + .     Gourm    .     k - +2 leather armour {rC+}
rNeg   . . .     Faith    .     (no shield)
rPois  .         Spirit   .     h - +2 helmet
rElec  +         Dismiss  .     (no cloak)
rCorr  .         Reflect  .     e - +1 pair of gloves
SustAt .         Harm     .     n - +2 pair of boots
MR     +....                    G - amulet of magic regeneration
Stlth  ++........               B - ring of protection from cold
                                V - ring of wizardry

@: very slightly contaminated, invisible (expiring), somewhat resistant to
hostile enchantments, unstealthy
A: large bone plates 1, electricity resistance
a: Renounce Religion


You were in a labyrinth.
You worshipped Vehumet.
Vehumet was greatly pleased with you.
You were not hungry.

You visited 2 branches of the dungeon, and saw 14 of its levels.
You also visited: Labyrinth.

You collected 840 gold pieces.
You spent 130 gold pieces at shops.

Inventory:

Hand Weapons
 x - a +1 great mace of draining
 U - a +1 glaive of protection
 X - a +0 vampiric dagger (weapon)
Armour
 e - a +1 pair of gloves (worn)
 h - a +2 helmet (worn)
 k - a +2 leather armour of cold resistance (worn)
 n - a +2 pair of boots (worn)
Jewellery
 p - an uncursed ring of sustain attributes {unknown}
 y - an uncursed ring of ice {unknown}
 B - a ring of protection from cold (right hand)
 G - an amulet of magic regeneration (around neck)
 V - a ring of wizardry (left hand)
Wands
 f - a wand of lightning (7/15)
 o - a wand of lightning (15/15)
 t - a wand of acid (6/15)
 u - a wand of random effects (25/48)
 E - a wand of disintegration (14/24)
 S - a wand of digging (6/24)
 Y - a wand of iceblast (7/15)
Scrolls
 i - a scroll of enchant weapon
 j - 4 scrolls of amnesia
 m - 8 scrolls of remove curse
 I - 5 scrolls of teleportation
 J - 5 scrolls of blinking
 L - a scroll of identify
 P - a scroll of fog
 R - a scroll of recharging
Potions
 a - a potion of might
 d - 3 potions of berserk rage
 q - 3 potions of flight
 r - a potion of invisibility
 v - a potion of agility {unknown}
 A - 3 potions of haste
 C - a potion of brilliance {unknown}
 D - 4 potions of curing
 M - a potion of cancellation {unknown}
 T - 2 potions of resistance
Comestibles
 b - 4 fruits
 c - 11 bread rations
 g - 5 meat rations
 s - 3 royal jellies


   Skills:
 + Level 8.1 Fighting
 - Level 9.4 Dodging
 - Level 2.1 Stealth
 - Level 7.1 Spellcasting
 - Level 6.9 Conjurations
 - Level 3.0 Charms
 - Level 5.0 Summonings
 - Level 2.0 Fire Magic
 - Level 11.2 Ice Magic
 - Level 3.2 Air Magic
 - Level 2.1 Poison Magic


You had 6 spell levels left.
You knew the following spells:

 Your Spells              Type           Power        Failure   Level  Hunger
a - Freeze                Ice            ####         1%          1    None
b - Summon Ice Beast      Ice/Summ       #####...     2%          4    ###....
c - Throw Icicle          Conj/Ice       #####...     1%          4    ###....
s - Sticky Flame          Conj/Fire      ####....     3%          4    ###....
x - Mephitic Cloud        Conj/Pois/Air  ###.....     1%          3    None
A - Ozocubu's Armour      Chrm/Ice       #####...     1%          3    None


Dungeon Overview and Level Annotations

Branches:
Dungeon (11/15)            Temple (0/1) D:7            Lair (3/6) D:11
 Shoals (0/4) Lair:3        Snake (0/4) Lair:2          Orc (0/2) D:9

Altars:
Ashenzari
Cheibriados
Elyvilon
Hepliaklqana
Kikubaaqudgha
Pakellas
Qazlal
Sif Muna
Vehumet
Yredelemnul
Zin

Shops:
D:7 ?


Innate Abilities, Weirdness & Mutations

You are partially covered in large bone plates. (AC +2, SH +2)
You are resistant to electric shocks. (rElec)


Message History

The minotaur is heavily wounded.
The minotaur hits you but does no damage.
You block the minotaur's attack.
You hit the minotaur but do no damage.
The minotaur is heavily wounded.
You flicker for a moment.
The minotaur hits you with a staff of earth!!
* * * LOW HITPOINT WARNING * * *
The minotaur closely misses you.
You hit the minotaur but do no damage.
The minotaur is heavily wounded.
You strike the helpless minotaur from behind!
You puncture the minotaur!
The minotaur is severely wounded.
The minotaur completely misses you.
The minotaur gores you but does no damage.
You hit the minotaur but do no damage.
The minotaur is severely wounded.
The minotaur hits you with a staff of earth!!
You die...

## ## .##
#.#. . . #
. . .. .
... . ..#
## # . ####
# .. . ##
#. #
######## .
#.
.#......#.#
# #.####.#
. #. #
.#.#.@H<#.#
##
.######.#
## .#......
.# # #
########
#.# . . ...
. # # ## #
# . # ##


You could see a minotaur.

Vanquished Creatures
  A cyclops (D:11)
  An ugly thing (D:11)
  2 black mambas
  2 spiny frogs
  2 komodo dragons
  7 blink frogs
  Prince Ribbit (D:7)
  A spriggan (D:7)
  3 yaks (D:11)
  2 basilisks (Lair:1)
  Edmund (D:4)
  A steam dragon (D:10)
  8 porcupines
  7 water moccasins
  2 ice beasts
  A black bear (D:7)
  3 orc warriors (D:9)
  2 sky beasts
  2 ogres
  A phantom (D:6)
  A wolf (Lair:2)
  5 crocodiles
  3 centaurs
  2 giant frogs
  A water moccasin skeleton (D:9)
  2 scorpions
  A killer bee (D:10)
  A wight (D:9)
  2 howler monkeys
  2 vampire bats (D:2)
  8 crimson imps
  2 giant frog zombies
  A centaur zombie (D:6)
  A wasp zombie (D:6)
  2 orc priests
  A gnoll shaman (D:5)
  6 hounds
  4 jellies
  5 orc wizards
  2 centaur skeletons
  Jessica (D:3)
  A giant frog skeleton (D:5)
  9 iguanas
  Ijyb (D:3)
  Natasha (thrice) (D:3)
  11 worker ants
  2 sheep (D:11)
  3 hound skeletons (D:5)
  Robin (D:2)
  9 gnolls
  11 adders
  13 river rats
  2 worms
  A dart slug (D:1)
  11 giant geckos
  34 orcs
  4 ball pythons
  4 bat skeletons (D:2)
  A bat zombie (D:2)
  A giant cockroach (D:4)
  17 goblins
  7 hobgoblins
  13 jackals
  9 kobolds
  3 quokkas
  7 bats
  A giant cockroach zombie (D:5)
  11 giant newts
  2 quokka skeletons
  5 rats
  A fungus (D:1)
301 creatures vanquished.

Vanquished Creatures (collateral kills)
  2 hill giants (D:10)
  An ugly thing (D:11)
  A centaur zombie (D:8)
  An elephant (D:11)
  4 spiny frogs (Lair:2)
  2 rime drakes (Lair:2)
  2 komodo dragons (Lair:1)
  A minotaur skeleton (Lab)
  2 yaks (D:11)
  A wraith (D:11)
  2 hippogriffs
  5 hungry ghosts
  A soldier ant (D:11)
  3 porcupines (Lair:2)
  4 water moccasins (Lair:2)
  3 orc warriors
  2 ice beasts
  3 wolves (Lair:2)
  2 ogres (D:9)
  A centaur (D:10)
  8 crocodiles
  A big kobold (D:10)
  A giant frog (D:9)
  3 killer bees (D:10)
  3 wights (D:9)
  2 howler monkeys
  A hound (D:9)
  An orc priest (D:9)
  5 iguanas
  3 orc wizards
  3 sheep (D:11)
  2 worker ant zombies
  An adder (D:9)
  7 river rats
  A giant gecko (Lair:2)
  13 orcs
  A ball python (Lair:2)
  2 giant newts (Lair:2)
  3 kobolds (D:10)
  A plant (Lair:2)
105 creatures vanquished.

Vanquished Creatures (others)
  A fungus (Lair:1)
  4 plants
5 creatures vanquished.

Grand Total: 411 creatures vanquished

Notes
Turn   | Place    | Note
--------------------------------------------------------------
     0 | D:1      | TheGoonsmith the High Elf Ice Elementalist began the quest for the Orb.
     0 | D:1      | Reached XP level 1. HP: 11/11 MP: 4/4
   188 | D:1      | Reached XP level 2. HP: 14/17 MP: 1/6
   479 | D:1      | Reached skill level 4 in Ice Magic
   792 | D:1      | Reached XP level 3. HP: 21/21 MP: 5/7
  1007 | D:2      | Learned a level 3 spell: Ozocubu's Armour
  1797 | D:2      | Found an ancient bone altar of Kikubaaqudgha.
  1807 | D:2      | Reached skill level 5 in Ice Magic
  1807 | D:2      | Reached XP level 4. HP: 27/27 MP: 5/8
  1811 | D:2      | Reached XP level 5. HP: 31/31 MP: 2/9
  2012 | D:3      | Noticed Natasha
  2018 | D:3      | Killed Natasha
  2018 | D:3      | Reached skill level 6 in Ice Magic
  2119 | D:3      | Learned a level 4 spell: Summon Ice Beast
  2121 | D:3      | Noticed Robin
  2248 | D:2      | Killed Robin
  2248 | D:2      | Reached skill level 1 in Charms
  2574 | D:3      | Found a faded altar of an unknown god.
  2680 | D:3      | Noticed Natasha
  2687 | D:3      | Killed Natasha
  2716 | D:3      | Noticed Natasha
  2720 | D:3      | Killed Natasha
  2829 | D:3      | Noticed Jessica
  2837 | D:3      | Killed Jessica
  2837 | D:3      | Reached XP level 6. HP: 33/36 MP: 2/10
  2995 | D:3      | Noticed Ijyb
  3000 | D:3      | Killed Ijyb
  3114 | D:5      | Entered Level 5 of the Dungeon
  3766 | D:5      | Reached skill level 7 in Ice Magic
  3777 | D:5      | Reached XP level 7. HP: 23/41 MP: 10/13
  4077 | D:5      | Learned a level 4 spell: Throw Icicle
  4164 | D:5      | Reached skill level 1 in Summonings
  4328 | D:5      | Reached skill level 5 in Spellcasting
  4346 | D:5      | Found an oddly glowing altar of Pakellas.
  4603 | D:6      | Found a stormy altar of Qazlal.
  4622 | D:6      | Gained mutation: Your body sometimes deteriorates upon taking damage. [potion of mutation]
  4622 | D:6      | Gained mutation: You are partially covered in large bone plates. (AC +2, SH +2) [potion of mutation]
  4622 | D:6      | Gained mutation: You are surrounded by a mild repulsion field. (EV +2) [potion of mutation]
  5096 | D:6      | Reached skill level 8 in Ice Magic
  5096 | D:6      | Reached XP level 8. HP: 44/46 MP: 15/17
  5694 | D:6      | Gained mutation: Your body often deteriorates upon taking damage. [mutagenic meat]
  5695 | D:6      | Gained mutation: You have sharp toenails. [mutagenic meat]
  5696 | D:6      | Gained mutation: You are dopey. (Int -2) [mutagenic meat]
  5697 | D:6      | Gained mutation: You expend magic power (3 MP) to strengthen your wands. [mutagenic meat]
  5699 | D:6      | Gained mutation: You are resistant to electric shocks. (rElec) [mutagenic meat]
  5700 | D:6      | Lost mutation: You are dopey. (Int -2) [potion of cure mutation]
  5700 | D:6      | Lost mutation: Your body often deteriorates upon taking damage. [potion of cure mutation]
  5700 | D:6      | Lost mutation: Your body sometimes deteriorates upon taking damage. [potion of cure mutation]
  5700 | D:6      | Lost mutation: You are surrounded by a mild repulsion field. (EV +2) [potion of cure mutation]
  5700 | D:6      | Lost mutation: You have sharp toenails. [potion of cure mutation]
  6226 | D:7      | Found a radiant altar of Vehumet.
  6231 | D:7      | Found a deep blue altar of Sif Muna.
  6232 | D:7      | Found a white marble altar of Elyvilon.
  6232 | D:7      | Found a snail-covered altar of Cheibriados.
  6236 | D:7      | Found a glowing silver altar of Zin.
  6264 | D:7      | Became a worshipper of Vehumet
  6302 | D:7      | Found a staircase to the Ecumenical Temple.
  6512 | D:7      | Reached XP level 9. HP: 51/51 MP: 17/20
  6527 | D:7      | Reached skill level 9 in Ice Magic
  6567 | D:7      | Found Soungu's Magic Scroll Emporium.
  6583 | D:7      | Bought a scroll of teleportation for 39 gold pieces
  6583 | D:7      | Bought a scroll of teleportation for 39 gold pieces
  6583 | D:7      | Bought 2 scrolls of identify for 52 gold pieces
  6928 | D:7      | Noticed Prince Ribbit
  6955 | D:7      | Reached skill level 5 in Summonings
  7174 | D:7      | Killed Prince Ribbit
  7583 | D:4      | Noticed Edmund
  7593 | D:4      | Killed Edmund
  7933 | D:4      | Reached * piety under Vehumet
  7933 | D:4      | Offered knowledge of Sting by Vehumet.
  8085 | D:8      | Gained mutation: You have a pair of small horns on your head. [potion of beneficial mutation]
  8103 | D:8      | Reached skill level 10 in Ice Magic
  8198 | D:8      | You fall through a shaft for 2 floors!
  8198 | D:10     | Entered Level 10 of the Dungeon
  8259 | D:10     | Reached skill level 5 in Conjurations
  8805 | D:9      | Reached XP level 10. HP: 56/56 MP: 12/21
  9097 | D:9      | Found a staircase to the Orcish Mines.
  9110 | D:9      | Reached ** piety under Vehumet
  9110 | D:9      | Offered knowledge of Searing Ray by Vehumet.
  9458 | D:9      | Found a hazy altar of Hepliaklqana.
  9458 | D:9      | Found a shattered altar of Ashenzari.
  9505 | D:9      | Reached skill level 11 in Ice Magic
  9552 | D:9      | Found a basalt altar of Yredelemnul.
  9640 | D:10     | Noticed a hill giant
  9649 | D:10     | Killed a hill giant
  9668 | D:10     | Offered knowledge of Mephitic Cloud by Vehumet.
  9829 | D:10     | Learned a level 3 spell: Mephitic Cloud
 10028 | D:10     | Noticed a hill giant
 10034 | D:10     | Killed a hill giant
 10034 | D:10     | Reached skill level 1 in Air Magic
 10034 | D:10     | Reached skill level 1 in Poison Magic
 10910 | D:11     | Noticed a red ugly thing
 10917 | D:11     | Killed a red ugly thing
 10946 | D:11     | Gained mutation: Your mind is acute. (Int +2) [mutagenic meat]
 10948 | D:11     | Gained mutation: Your body sometimes deteriorates upon taking damage. [mutagenic meat]
 11032 | D:11     | Noticed a brown ugly thing
 11039 | D:11     | Killed a brown ugly thing
 11096 | D:11     | Found a staircase to the Lair.
 11096 | D:11     | Noticed an elephant
 11114 | D:11     | Killed an elephant
 11114 | D:11     | Reached *** piety under Vehumet
 11341 | D:11     | Reached skill level 5 in Dodging
 11929 | D:11     | Noticed a cyclops
 11952 | D:11     | Killed a cyclops
 11957 | D:11     | Reached XP level 11. HP: 57/61 MP: 12/22
 11981 | D:11     | Offered knowledge of Sticky Flame by Vehumet.
 11990 | D:11     | Learned a level 4 spell: Sticky Flame
 12229 | Lair:1   | Entered Level 1 of the Lair of Beasts
 12250 | Lair:1   | Reached skill level 1 in Fire Magic
 12438 | Lair:1   | Lost mutation: Your body sometimes deteriorates upon taking damage. [potion of cure mutation]
 12438 | Lair:1   | Lost mutation: You have a pair of small horns on your head. [potion of cure mutation]
 12438 | Lair:1   | Lost mutation: You expend magic power (3 MP) to strengthen your wands. [potion of cure mutation]
 12438 | Lair:1   | Lost mutation: Your mind is acute. (Int +2) [potion of cure mutation]
 14029 | Lair:2   | Reached **** piety under Vehumet
 14069 | Lair:2   | Reached skill level 1 in Fighting
 14127 | Lair:2   | Offered knowledge of Ignite Poison by Vehumet.
 14271 | Lair:2   | Reached skill level 5 in Fighting
 14375 | Lair:2   | Found a staircase to the Snake Pit.
 15109 | Lair:2   | Reached ***** piety under Vehumet
 15114 | Lair:2   | Offered knowledge of Fireball by Vehumet.
 15352 | Lair:2   | Reached XP level 12. HP: 67/82 MP: 7/23
 15559 | Lair:3   | Found a labyrinth entrance.
 15578 | Lab      | Entered a labyrinth
 15959 | Lab      | Noticed a minotaur
 16009 | Lab      | Demolished by a minotaur

Vault maps used:
D:1:      onia_arrival_mini_maze, minmay_gold_behind_fungi
D:2:      kennysheep_vampire_church, first_bread, hex_large
D:3:      ecumenical_altar_1, uniq_robin, uniq_jessica, uniq_iyjb, uniq_natasha
D:4:      uniq_edmund
D:5:      minmay_opposing_rooms, kennysheep_little_box
D:6:      basic_altar
D:7:      black_bear_nest_1, minitemple, minmay_temple_entry_statues,
          serial_shops, shop_fountains, the_bakery, uniq_prince_ribbit1
D:8:      lemuel_round_altar
D:9:      gammafunk_temple_overflow_wave, hiddenorc2_lemuel, basic_altar,
          dk_noncrumbling_4, minmay_misc_feat_more_columns
D:11:     david_lair_generic, hangedman_decor_clover_reticule
Lair:1:   cheibrodos_lair_reptile_den, grunt_megastairs_4
Lair:2:   lemuel_reptile_caves, minmay_snake_entry_six_corridors,
          beast_lair_carwin_3
Lair:3:   elwin_shoals_entry_rocks, lab_entry_generic, grunt_megastairs_3
Lab:      labyrinth_spiral, labyrinth_skeletal_remains, lab_hedge,
          nicolae_lab_quarters, labyrinth_fake_exit, nicolae_lab_garden,
          lab_statue, lab_block, nicolae_lab_plus, nicolae_lab_lava,
          nicolae_lab_starburst

Skill      XL: |  1  2  3  4  5  6  7  8  9 10 11 12 |
---------------+-------------------------------------+-----
Ice Magic      | 4 5 6 7 8 10 11 | 11.2
Charms         | 2 3 |  3.0
Spellcasting   | 3 5 6 7 |  7.1
Summonings     | 2 4 5 |  5.0
Conjurations   | 5 6 |  6.9
Air Magic      | 3 |  3.2
Poison Magic   | 2 |  2.1
Dodging        | 6 9 |  9.4
Fire Magic     | 2 |  2.0
Fighting       | 7 8 |  8.1
Stealth        | |  2.1

Action                   |  1- 3 |  4- 6 |  7- 9 | 10-12 || total
-------------------------+-------+-------+-------+-------++-------
Melee: Dagger            |    74 |     4 |       |   180 ||   258
       Mace              |       |    18 |    86 |       ||   104
       Great mace        |       |       |    66 |    40 ||   106
       War axe           |       |       |    11 |       ||    11
       Headbutt          |       |       |    10 |    16 ||    26
 Cast: Freeze            |    53 |    80 |   206 |   332 ||   671
       Ozocubu's Armour  |       |     1 |    15 |    48 ||    64
       Summon Ice Beast  |       |       |    10 |   129 ||   139
       Throw Icicle      |       |       |       |     5 ||     5
       Sticky Flame      |       |       |       |    15 ||    15
  Use: Scroll            |       |     7 |    12 |     6 ||    25
       Potion            |       |     1 |     7 |     4 ||    12
 Stab: Sleeping          |     3 |       |     2 |     7 ||    12
       Distracted        |       |       |     3 |     3 ||     6
       Invisible         |       |       |       |     1 ||     1
  Eat: Chunk             |     3 |     8 |    23 |    35 ||    69
       Fruit             |       |       |       |     3 ||     3
       Royal jelly       |       |       |       |     1 ||     1
       Bread ration      |       |       |       |     2 ||     2
       Meat ration       |       |       |       |     1 ||     1
Armor: Robe              |    26 |    37 |       |       ||    63
       Leather armour    |       |     8 |   178 |   218 ||   404
Dodge: Dodged            |    53 |    70 |   211 |   442 ||   776
Block: Other             |       |       |    15 |    48 ||    63
